 Dungeon Crawl Stone Soup version 0.23.2-40-g277498a001 (webtiles) character file.

Game seed: 7763365006016387594

498 Glamhuggeren the Cudgeler (level 6, -1/48 HPs)
             Began as a Demonspawn Gladiator on Oct 7, 2019.
             Slain by an orc
             ... wielding a +0 short sword
              (4 damage)
             ... on level 7 of the Dungeon.
             The game lasted 00:11:19 (2800 turns).

Glamhuggeren the Cudgeler (Demonspawn Gladiator)    Turns: 2800, Time: 00:11:19

Health: -1/48      AC:  6    Str: 16    XL:     6   Next: 94%
Magic:  6/6        EV: 13    Int: 10    God:
Gold:   153        SH:  0    Dex: 14    Spells: 5/5 levels left

rFire    . . .     SeeInvis .   a - +1 flail
rCold    . . .     Gourm    .   (no shield)
rNeg     + . .     Faith    .   b - +1 leather armour
rPois    .         Spirit   .   (helmet restricted)
rElec    .         Reflect  .   (no cloak)
rCorr    .         Harm     .   (no gloves)
MR       .....                  (no boots)
Stlth    +.........             (no amulet)
HPRegen  0.16/turn              n - ring of wizardry
MPRegen  0.10/turn              x - ring of positive energy

@: no status effects
A: horns 2, icy blue scales 1
a: no special abilities


You were on level 7 of the Dungeon.
You were not hungry.

You visited 1 branch of the dungeon, and saw 5 of its levels.

You collected 153 gold pieces.

Inventory:

Hand Weapons
 a - a +1 flail (weapon)
Missiles
 d - 3 throwing nets
 e - 11 bolts
 g - 169 stones (quivered)
 i - 12 poisoned needles
 l - 84 arrows
 y - 8 tomahawks
 B - 19 sling bullets
Armour
 b - a +1 leather armour (worn)
Jewellery
 n - a ring of wizardry (left hand)
 p - an uncursed ring of positive energy
 x - a ring of positive energy (right hand)
 z - an uncursed ring of see invisible {unknown}
Scrolls
 k - a scroll of immolation
 m - 3 scrolls of identify
 s - 2 scrolls of teleportation
 v - a scroll of remove curse
Potions
 c - 3 potions of curing {unknown}
 j - a potion of resistance {unknown}
 q - a potion of agility {unknown}
 r - a potion of magic {unknown}
 w - a potion of degeneration {unknown}
Comestibles
 f - 12 rations


   Skills:
 - Level 4.1 Fighting
 * Level 6.1 Maces & Flails
 - Level 2.0 Throwing
 - Level 3.0 Dodging


You had 5 spell levels left.
You didn't know any spells.
Your spell library was empty.

Dungeon Overview and Level Annotations

Branches:
Dungeon (4/15)
 Temple: D:4-7

Altars:
Cheibriados
Ru
Vehumet
Zin

Shops:
D:7 %

Annotations:
D:7 Harold


Innate Abilities, Weirdness & Mutations

You have a pair of horns on your head.
You are partially covered in icy blue scales. (AC +2)


Message History

Harold shouts, "No!
I'll never do that again!"
The orc hits you but does no damage.
As you read the scroll labeled JUMNER DOGI, it crumbles to dust.
It is a scroll of enchant weapon.
Your +0 flail glows red for a moment.
The orc hits you but does no damage.
You are too injured to fight recklessly!
You are too injured to fight recklessly!
You are too injured to fight recklessly!
You are too injured to fight recklessly!
You are too injured to fight recklessly!
You are too injured to fight recklessly!
You struggle against the net.
The orc completely misses you.
You struggle against the net.
The orc hits you with a +0 short sword.
* * * LOW HITPOINT WARNING * * *
You shred the net and break free! The orc hits you with a +0 short sword.
* * * LOW HITPOINT WARNING * * *
You hit the orc.
The orc is severely wounded.
The orc hits you with a +0 short sword.
You die...

#.†..)..#.
#.###.#...#
#.# #.#.#### #
#.# #.#.....
..
#.###.......
..#
#...........
...
####.#........
#.######'#..#
#.....@o....#
########......
..### ... .#.
#


You could see an orc (inner flame).

Vanquished Creatures
  2 centaurs (D:7)
  A howler monkey (D:7)
  2 crimson imps
  2 orc wizards (D:3)
  A hound (D:7)
  An orc priest (D:3)
  A worker ant (D:4)
  An adder (D:3)
  An ooze (D:7)
  2 dart slugs
  3 leopard geckos
  12 orcs
  7 bats
  A giant cockroach (D:1)
  3 goblins (D:2)
  4 hobgoblins
  2 jackals (D:2)
  A quokka (D:7)
  3 ball pythons (D:3)
  3 frilled lizards
  10 kobolds
  2 quokka skeletons (D:7)
  8 rats
73 creatures vanquished.

Vanquished Creatures (others)
  4 toadstools (D:1)
4 creatures vanquished.

Grand Total: 77 creatures vanquished

Notes
Turn   | Place    | Note
-------+----------+-------------------------------------------
     0 | D:1      | Glamhuggeren the Demonspawn Gladiator began the quest for
                  | the Orb.
     0 | D:1      | Reached XP level 1. HP: 16/16 MP: 1/1
   357 | D:1      | Gained mutation: You are partially covered in icy blue
                  | scales. (AC +2) [demonic ancestry]
   357 | D:1      | Reached XP level 2. HP: 19/22 MP: 2/2
   498 | D:1      | Reached skill level 3 in Maces & Flails
  1045 | D:2      | Found a sacrificial altar of Ru.
  1060 | D:2      | Gained mutation: You have a pair of small horns on your
                  | head. [demonic ancestry]
  1060 | D:2      | Reached XP level 3. HP: 28/28 MP: 3/3
  1365 | D:2      | Found a snail-covered altar of Cheibriados.
  1366 | D:2      | Found a radiant altar of Vehumet.
  1564 | D:3      | Reached XP level 4. HP: 34/34 MP: 4/4
  1666 | D:3      | Reached skill level 4 in Maces & Flails
  1674 | D:3      | Gained mutation: You have a pair of horns on your head.
                  | [demonic ancestry]
  1674 | D:3      | Reached XP level 5. HP: 24/41 MP: 5/5
  2086 | D:3      | Found a glowing silver altar of Zin.
  2344 | D:4      | Reached skill level 5 in Maces & Flails
  2354 | D:4      | You fall through a shaft for 3 floors!
  2380 | D:7      | Noticed a centaur
  2381 | D:7      | Reached XP level 6. HP: 37/48 MP: 6/6
  2389 | D:7      | Found Imotheta's Food Shoppe.
  2420 | D:7      | Reached skill level 6 in Maces & Flails
  2789 | D:7      | Noticed Harold
  2800 | D:7      | Slain by an orc

Skill      XL: |  1  2  3  4  5  6 |
---------------+-------------------+-----
Maces & Flails | 3 4 5 6 |  6.1
Throwing       | 2 |  2.0
Dodging        | 3 |  3.0
Fighting       | 3 4 |  4.1

Action                   |  1- 3 |  4- 6 || total
-------------------------+-------+-------++-------
Melee: Flail             |   108 |   106 ||   214
       Headbutt          |     2 |    26 ||    28
Throw: Stone             |       |     3 ||     3
  Use: Scroll            |     3 |     5 ||     8
  Eat: Chunk             |     2 |     4 ||     6
Armor: Leather armour    |    55 |    29 ||    84
Dodge: Dodged            |    88 |    90 ||   178
